 Dungeon Crawl Stone Soup version 0.32-a0-314-g526f7d4993 (webtiles) character file.

Game seed: 3679094353682121746

3773 seren the Cleaver (level 9, -4/80 (81) HPs)
             Began as a Mountain Dwarf Fighter on Feb 15, 2024.
             Was an Initiate of Yredelemnul.
             Killed by divine providence
             ... invoked by an orc priest
             ... summoned by a boggart
              (14 damage)
             ... on level 8 of the Dungeon.
             The game lasted 00:17:50 (7785 turns).

seren the Cleaver (Mountain Dwarf Fighter)          Turns: 7785, Time: 00:17:51

HP:   -4/80 (81)    AC: 32    Str: 21    XL:     9   Next: 94%
MP:   11/11         EV:  8    Int:  9    God:    Yredelemnul [......]
Gold: 182           SH:  5    Dex: 11    Spells: 8/8 levels left

rFire   . . .        a - +0 war axe
rCold   + . .        c - +0 buckler
rNeg    . . .        u - +18 Lear's hauberk
rPois   .            (helmet currently unavailable)
rElec   .            k - +2 cloak
rCorr   +            (gloves currently unavailable)
SInv    .            (boots currently unavailable)
Will    .....        G - amulet of magic regeneration Stlth
                     n - ring of protection from cold
HPRegen 0.33/turn    B - ring of resist corrosion
MPRegen 0.52/turn

%: no passive effects
@: lethally poisoned (-4 -> -17), about to teleport, wreathed by umbra, lightly
drained
A: runic magic, artefact enchanting
a: Renounce Religion, Light the Black Torch, Recall Undead Harvest


You were on level 8 of the Dungeon.
You worshipped Yredelemnul.
Yredelemnul was noncommittal.
You visited 2 branches of the dungeon, and saw 9 of its levels.

You collected 460 gold pieces.
You spent 278 gold pieces at shops.

Inventory:

Hand Weapons
 a - a +0 war axe (weapon)
 b - a +4 sling
Missiles
 i - a curare-tipped dart
 t - 17 poisoned darts (quivered)
Armour
 c - a +0 buckler (worn)
 k - a +2 cloak (worn)
 p - the +2 leather armour of Zin's Displeasure {rF+ Int+3}
   (You found it on level 4 of the Dungeon)

   Int+3:     It affects your intelligence (+3).
   rF+:       It protects you from fire.
 u - the +18 Lear's hauberk (worn)
   (You found it on level 7 of the Dungeon)
 y - a +0 helmet
 A - a +0 pair of gloves
 E - a +0 chain mail
Jewellery
 n - a ring of protection from cold (left hand)
 B - a ring of resist corrosion (right hand)
 G - an amulet of magic regeneration (around neck)
Wands
 l - a wand of polymorph (4)
 v - a wand of flame (42)
 D - a wand of charming (13)
Scrolls
 e - a scroll of immolation
 f - a scroll of vulnerability
 g - 2 scrolls of revelation
 h - a scroll of teleportation {!r}
 j - 3 scrolls of fear {unknown}
 o - 2 scrolls of identify
 q - a scroll of noise {unknown}
 r - 2 scrolls of butterflies {unknown}
 w - 2 scrolls of poison {unknown}
 F - 3 scrolls of enchant armour {unknown}
Potions
 d - a potion of curing {unknown}
 m - 2 potions of brilliance
 s - a potion of resistance {unknown}
 x - 2 potions of mutation {unknown}
 z - a potion of ambrosia {unknown}
 C - a potion of attraction


   Skills:
 + Level 8.1 Fighting
 + Level 8.3 Axes
 + Level 8.0 Armour
 + Level 8.0 Shields
 + Level 3.7 Invocations
 + Level 4.2 Evocations


You had 8 spell levels left.
You didn't know any spells.
Your spell library contained the following spells:

 Spells                   Type           Power      Damage    Failure   Level
 Magic Dart               Conj           0%         1d3       58%         1
 Blink                    Tloc           0%         N/A       73%         2
 Call Imp                 Summ           0%         N/A       73%         2
 Fugue of the Fallen      Necr           0%         N/A       91%         3
 Ozocubu's Armour         Ice            0%         N/A       91%         3
 Tukima's Dance           Hex            0%         N/A       91%         3
 Dimensional Bullseye     Hex/Tloc       0%         N/A       100%        4
 Iskenderun's Mystic Bla  Conj/Tloc      0%         2d3       100%        4
 Manifold Assault         Tloc           0%         N/A       100%        4


Dungeon Overview and Level Annotations

Branches:
Dungeon (8/15)             Temple (1/1) D:6
   Lair: D:8-11

Altars:
Ashenzari
Cheibriados
Dithmenos
Elyvilon
Gozag
Hepliaklqana
Makhleb
Nemelex Xobeh
Okawaru
Qazlal
Ru
Sif Muna
Trog
Vehumet
Xom
Yredelemnul
The Shining One
Jiyva

Shops:
D:6 [

Portals:
Abyss: D:3

Annotations:
D:3 2 transporters, Dirtsage's ghost, amateur OpSh


Innate Abilities, Weirdness & Mutations

Your spellcasting is much less encumbered by armour.
You can use scrolls of enchantment on lesser artefacts.


Message History

* * * LOW HITPOINT WARNING * * *
You feel drained. The hornet barely misses you.
The wight attacks as it pursues you! The wight closely misses you.
The hornet stings you but does no damage.
The hornet stings you but does no damage.
The hornet attacks as it pursues you! The hornet completely misses you.
The hornet attacks as it pursues you! The hornet stings you!
* * * LOW HITPOINT WARNING * * *
You are poisoned.
You feel yourself slow down. The hornet barely misses you.
You feel very sick. The wight attacks as it pursues you!
The wight hits you but does no damage.
The hornet stings you but does no damage.
You feel sick. The hornet stings you.
* * * LOW HITPOINT WARNING * * *
You are more poisoned.
You suddenly lose the ability to move!
You feel yourself speed up.
You feel very sick. The hornet stings you!
* * * LOW HITPOINT WARNING * * *
You are lethally poisoned!
You feel yourself slow down.
The hornet stings you but does no damage.
* * * LOW HITPOINT WARNING * * *
You feel very sick.
The hornet stings you but does no damage.
You can move again.
As you read the scroll of teleportation {!r}, it crumbles to dust.
You feel strangely unstable.
You feel yourself speed up.
* * * LOW HITPOINT WARNING * * *
You feel very sick.
The hornet stings you but does no damage.
You block the hornet's attack.
The orc priest calls down the wrath of Beogh upon you.
Beogh smites you!
You die...
Your body rises from the dead as a mindless zombie.

...# ..... .### .....
..# ..... #.## ###
..... #..# #.# .....
##.## ##.# .ß...
#(.## ##..#### ....ß
##..#
###yz..Oo########..
#..##
###.@####......######
##..#######..###
##.......####
#..#........####
###.........
###..............#
##........
#................#
##.......
#.####..........###
######## #
##......#### ########


You could see a two-headed ogre, a hornet (summoned), a wight (summoned) and an
orc priest (summoned).

Vanquished Creatures
  Pikel (D:8)
  2 trolls
  Grinder (D:3)
  Sigmund (D:3)
  A wyvern (D:7)
  A steam dragon (D:6)
  Menkaure (D:5)
  Edmund (D:6)
  3 black bears
  A centaur (D:7)
  A lemure (D:8)
  A phantom (D:6)
  2 kobold brigands (D:6)
  A bullfrog (D:6)
  4 scorpions
  A howler monkey (D:7)
  2 bombardier beetles
  A hound (D:4)
  A sleepcap (D:7)
  A gnoll bouda (D:5)
  3 iguanas
  An orc wizard (D:3)
  Robin (D:3)
  9 adders
  5 gnolls
  A shadow imp (D:5)
  8 ufetubi
  2 dart slugs (D:4)
  9 orcs
  8 endoplasms
  A giant cockroach (D:3)
  18 goblins
  8 hobgoblins
  11 kobolds
  A quokka (D:2)
  2 ball pythons
  4 bats
  5 frilled lizards
  4 rats
129 creatures vanquished.

Vanquished Creatures (collateral kills)
  A troll (D:7)
  A water moccasin (D:7)
  A sky beast (D:7)
  A lemure (D:8)
  3 orc wizards (D:8)
  A sleepcap (D:7)
  An orc (D:8)
9 creatures vanquished.

Vanquished Creatures (others)
  A kobold zombie (D:8)
  A scorpion zombie (D:7)
  An orc zombie (D:8)
  An iguana zombie (D:7)
4 creatures vanquished.

Grand Total: 142 creatures vanquished

Notes
Turn   | Place    | Note
-------+----------+-------------------------------------------
     0 | D:1      | seren the Mountain Dwarf Fighter began the quest for the
                  | Orb.
     0 | D:1      | Reached XP level 1. HP: 19/19 MP: 1/1
   251 | D:1      | Reached XP level 2. HP: 22/26 MP: 2/2
   796 | D:2      | Reached XP level 3. HP: 28/33 MP: 3/3
  1570 | D:3      | Reached XP level 4. HP: 33/40 MP: 4/4
  1727 | D:3      | Noticed Grinder
  1779 | D:3      | Killed Grinder
  1780 | D:3      | Reached XP level 5. HP: 27/47 MP: 5/5
  1780 | D:3      | Reached XP level 6. HP: 32/55 MP: 6/6
  2299 | D:3      | Found a one-way gate to the infinite horrors of the Abyss.
  2299 | D:3      | Noticed Dirtsage's ghost (amateur OpSh)
  2305 | D:3      | Noticed an ancient zyme
  2310 | D:3      | Found a transporter.
  2315 | D:3      | Found a transporter.
  2335 | D:3      | Noticed a small abomination
  2342 | D:3      | Noticed Sigmund
  2371 | D:3      | Killed Sigmund
  2372 | D:3      | Reached skill level 5 in Fighting
  2372 | D:3      | Reached skill level 5 in Axes
  2372 | D:3      | Reached skill level 5 in Armour
  2372 | D:3      | Reached skill level 5 in Shields
  2372 | D:3      | Reached XP level 7. HP: 10/61 MP: 7/7
  2627 | D:3      | Noticed Robin
  2653 | D:3      | Killed Robin
  3166 | D:4      | Identified the +2 leather armour of Zin's Displeasure {rF+
                  | Int+3}
  3667 | D:5      | Entered Level 5 of the Dungeon
  3667 | D:5      | Found a snail-covered altar of Cheibriados.
  3667 | D:5      | Found an opulent altar of Gozag.
  3667 | D:5      | Found a sacrificial altar of Ru.
  4441 | D:5      | Found a shadowy altar of Dithmenos.
  4476 | D:5      | Noticed Menkaure
  4488 | D:5      | Killed Menkaure
  4489 | D:5      | Reached XP level 8. HP: 70/70 MP: 8/8
  4963 | D:6      | Found Jualiu's Antique Armour Emporium.
  4967 | D:6      | Bought a helmet for 139 gold pieces
  4967 | D:6      | Bought a pair of gloves for 139 gold pieces
  4988 | D:6      | Found a broken altar of Ashenzari.
  5008 | D:6      | Found an iron altar of Okawaru.
  5740 | D:6      | Reached skill level 1 in Evocations
  5937 | D:6      | Noticed a troll
  5946 | D:6      | Killed a troll
  6152 | D:6      | Noticed Edmund
  6159 | D:6      | Killed Edmund
  6160 | D:6      | Reached XP level 9. HP: 70/79 MP: 9/9
  6372 | D:6      | Found a staircase to the Ecumenical Temple.
  6379 | Temple   | Entered the Ecumenical Temple
  6385 | Temple   | Became a worshipper of Yredelemnul the Fallen
  6513 | D:7      | Found a white marble altar of Elyvilon.
  6626 | D:7      | Reached skill level 1 in Invocations
  6626 | D:7      | Found a hazy altar of Hepliaklqana.
  6936 | D:7      | Noticed a troll
  6952 | D:7      | Killed a troll
  7151 | D:7      | Noticed a troll
  7161 | D:7      | Killed a troll
  7254 | D:7      | Found the +18 Lear's hauberk
  7585 | D:8      | Noticed Pikel
  7605 | D:8      | Killed Pikel
  7739 | D:8      | Noticed a two-headed ogre
  7744 | D:8      | Your ally Pikel died
  7782 | D:8      | Paralysed by a hornet for 3 turns
  7785 | D:8      | Killed from afar by an orc priest

Illustrated notes

Levels and vault maps discovered:
D:1:      saegor_arrival_simple_d, layout_basic
D:2:      layout_basic
D:3:      layout_loops_cross, gammafunk_ghost_abyssal_escape,
          grunt_ministairs_6, kennysheep_generic_room_16, uniq_sigmund,
          uniq_grinder, uniq_robin
D:4:      layout_basic, serial_curves, eino_curves_01, eino_curves_04,
          minmay_misc_feat_iff
D:5:      layout_gridville, mainiacjoe_overflow_24_doors,
          chequers_temple_overflow_statue_of_worship, minmay_hedge_maze,
          uniq_menkaure
D:6:      layout_layer_cave, ashenzari_altar_1, kennysheep_okawaru_gauntlet,
          temple_green, serial_shops, nicolae_shop_hallway_stairs,
          dk_noncrumbling_3, uniq_edmund
D:7:      layout_basic, overflow_temple_1_default, lemuel_doored_altar,
          hellmonk_guarded_unrand_lears
D:8:      layout_cave_pods, old_standard_altar, nicolae_phantomly_mirrored,
          uniq_pikel, uniq_joseph
Temple:   pf_slimified_temple

Skill      XL: |  1  2  3  4  5  6  7  8  9 |
---------------+----------------------------+-----
Axes           | 3 4 5 6 7 8 |  8.3
Fighting       | 4 5 6 7 8 |  8.1
Armour         | 4 5 6 7 8 |  8.0
Shields        | 4 5 6 7 8 |  8.0
Evocations     | 2 4 |  4.2
Invocations    | 3 |  3.7

Action                     |  1- 3 |  4- 6 |  7- 9 || total
---------------------------+-------+-------+-------++-------
  Melee: War axe           |    97 |   110 |   332 ||   539
   Fire: Sling             |       |       |     4 ||     4
  Throw: Dart              |       |       |     3 ||     3
 Invoke: Light the Black T |       |       |     2 ||     2
    Use: Potion            |       |     1 |     3 ||     4
         Scroll            |       |     1 |     6 ||     7
 Armour: Scale mail        |    69 |    85 |   247 ||   401
         Chain mail        |       |       |   155 ||   155
  Dodge: Dodged            |    35 |    62 |   218 ||   315
  Block: Buckler           |    20 |    25 |   127 ||   172

Table legend: (Time is in decaauts)
 A = Elapsed time spent in this place.
 B = Non-inter-level travel time spent in this place.
 C = Inter-level travel time spent in this place.
 D = Time resting spent in this place.
 E = Time spent auto-exploring this place.
 F = Levels seen in this place.
 G = Mean time per level.
                   A        B        C        D        E       F      G
               +--------+--------+--------+--------+--------+-----+--------+
         Total |   7936 |   7660 |    276 |   1476 |   4450 |   9 |  881.8 |
       Dungeon |   7925 |   7649 |    276 |   1476 |   4450 |   8 |  990.6 |
        Temple |     11 |     11 |      0 |      0 |      0 |   1 |   11.0 |
               +--------+--------+--------+--------+--------+-----+--------+

Top non-repeatable levels by time:
     D:3: 1376 daAuts
     D:6: 1330 daAuts
     D:5: 1306 daAuts
     D:7: 1104 daAuts
     D:4: 1003 daAuts
     D:2: 827 daAuts
     D:1: 773 daAuts
     D:8: 203 daAuts
  Temple: 11 daAuts
